 Dungeon Crawl Stone Soup version 0.21.1-1-g345015f (webtiles) character file.

686 HeliosHero the Charmwright (level 7, -3/50 HPs)
             Began as a Gnoll Skald on Apr 13, 2018.
             Was a Follower of Okawaru.
             Slain by Pikel
             ... wielding a +1 whip of freezing
              (10 damage)
             ... on level 4 of the Dungeon.
             The game lasted 01:10:20 (4113 turns).

HeliosHero the Charmwright (Gnoll Skald)            Turns: 4113, Time: 01:10:21

Health: -3/50      AC:  9    Str: 19      XL:     7   Next: 62%
Magic:  2/15       EV: 14    Int: 16      God:    Okawaru [*.....]
Gold:   568        SH:  0    Dex: 14 (15) Spells: 8/17 levels left

rFire    . . .     SeeInvis .   H - +4 dagger
rCold    . . .     Gourm    .   (no shield)
rNeg     . . .     Faith    .   y - +0 ring mail
rPois    .         Spirit   .   (no helmet)
rElec    .         Reflect  .   (no cloak)
rCorr    .         Harm     .   M - +0 pair of gloves
MR       .....                  (no boots)
Stlth    +.........             z - amulet of regeneration
HPRegen  1.56/turn              h - +2 ring of protection
MPRegen  0.14/turn              K - +5 ring of strength

@: infused (expiring), regenerating
A: distributed training, fangs 1, deterioration 1, frail 1, sense surroundings
1, strong nose
a: Heroism, Renounce Religion


You were on level 4 of the Dungeon.
You worshipped Okawaru.
Okawaru was aware of your devotion.
You were very hungry.

You visited 1 branch of the dungeon, and saw 4 of its levels.
You also visited: Sewer.

You collected 598 gold pieces.
You paid 30 gold pieces to Gozag.

Inventory:

Hand Weapons
 a - a +0 hand axe
 e - a +0 dagger
 f - a +0 club
 g - a +0 dagger
 k - a +0 club
 p - a +0 mace
 v - a +0 club
 w - a +0 short sword
 C - a +0 whip
 E - a +0 whip of electrocution
 F - a +0 club
 G - a +0 hunting sling
 H - a +4 dagger (weapon)
Missiles
 j - 167 stones (quivered)
 l - 32 bolts
 n - 3 tomahawks
Armour
 b - a +0 leather armour
 s - a +0 leather armour
 y - a +0 ring mail (worn)
 A - a +0 plate armour
 L - a +0 ring mail
 M - a +0 pair of gloves (worn)
Jewellery
 h - a +2 ring of protection (left hand)
 u - an uncursed ring of stealth
 z - an amulet of regeneration (around neck)
 K - a +5 ring of strength (right hand)
 N - an uncursed ring of flight
 P - an uncursed ring of wizardry
Wands
 x - a wand of iceblast (10)
Scrolls
 m - 4 scrolls of teleportation
 o - 2 scrolls of blinking
 q - a scroll of remove curse
 B - a scroll of magic mapping
 R - a scroll of amnesia {unknown}
Potions
 i - a potion of cancellation {unknown}
 r - a potion of berserk rage {unknown}
 t - 3 potions of curing
 D - 3 potions of flight
 I - a potion of degeneration {unknown}
 J - a potion of lignification {unknown}
 O - 2 potions of heal wounds {unknown}
 Q - a potion of might {unknown}
 T - a potion of agility {unknown}
Books
 c - a book of Battle

   Spells                             Type                      Level
   a - Infusion                       Charms                       1
   b - Shroud of Golubria             Charms/Translocation         2
   c - Song of Slaying                Charms                       2
   d - Spectral Weapon                Hexes/Charms                 3
   e - Regeneration                   Charms/Necromancy            3
 U - a book of Maledictions

   Spells                             Type                      Level
   a - Corona                         Hexes                        1
   b - Ensorcelled Hibernation        Hexes/Ice                    2
   c - Confuse                        Hexes                        3
   d - Tukima's Dance                 Hexes                        3
   e - Dazzling Spray                 Conjuration/Hexes            3
Comestibles
 d - 4 rations


   Skills:
 + Level 5.3 Fighting
 + Level 2.5 Short Blades
 + Level 2.5 Long Blades
 + Level 5.3 Axes
 + Level 2.5 Maces & Flails
 + Level 2.5 Polearms
 + Level 2.5 Staves
 + Level 2.5 Slings
 + Level 2.5 Bows
 + Level 2.5 Crossbows
 + Level 2.5 Throwing
 + Level 3.7 Armour
 + Level 5.3 Dodging
 + Level 2.5 Stealth
 + Level 2.5 Shields
 + Level 2.5 Unarmed Combat
 + Level 5.6 Spellcasting
 + Level 2.1 Conjurations
 + Level 2.1 Hexes
 + Level 5.8 Charms
 + Level 2.1 Summonings
 + Level 2.1 Necromancy
 + Level 2.1 Translocations
 + Level 2.1 Transmutations
 + Level 2.1 Fire Magic
 + Level 2.1 Ice Magic
 + Level 2.1 Air Magic
 + Level 2.1 Earth Magic
 + Level 2.1 Poison Magic
 + Level 2.8 Invocations
 + Level 2.5 Evocations


You had 8 spell levels left.
You knew the following spells:

 Your Spells              Type           Power        Failure   Level  Hunger
a - Infusion              Chrm           ###.         1%          1    None
b - Regeneration          Chrm/Necr      ###.......   14%         3    ##.....
c - Spectral Weapon       Hex/Chrm       ###.....     14%         3    ##.....
d - Shroud of Golubria    Chrm/Tloc      ###.......   7%          2    #......


Dungeon Overview and Level Annotations

Branches:
Dungeon (4/15)
 Temple: D:4-7

Altars:
Cheibriados
Gozag
Kikubaaqudgha
Nemelex Xobeh
Okawaru
Qazlal
Zin
The Shining One

Shops:
D:4 !

Annotations:
D:4 Pikel


Innate Abilities, Weirdness & Mutations

Your experience applies equally to all skills.
You have very sharp teeth.
Your uncanny sense of smell can sniff out nearby items.
Your body sometimes deteriorates upon taking damage.
You are frail. (-10% HP)
You passively map a small area around you.


Message History

* * * LOW HITPOINT WARNING * * *
You hit Pikel.
Pikel is moderately wounded.
Pikel hits you with a whip of freezing.
* * * LOW HITPOINT WARNING * * *
Pikel freezes you.
* * * LOW HITPOINT WARNING * * *
You hit Pikel.
Pikel is moderately wounded.
Your magical infusion is running out.
Pikel hits you but does no damage.
You hit Pikel.
Pikel is moderately wounded.
Pikel hits you with a whip of freezing.
* * * LOW HITPOINT WARNING * * *
Pikel freezes you.
* * * LOW HITPOINT WARNING * * *
The slave rages.
Pikel hits you with a whip of freezing!
You die...

#<.##p....####
..# *, ...,
##........, *###
.... #.#######**
.... , #p# ,....
, #p# * * #p#
##### #p# , #$$$#
#K# * ##$$$## #@#
###$### #.#
#.###.# #.#
#.._..# #.#
####.....###.####
#.####'####.....#
##
#.###..##.#.....#
###.
#...............#
##.#.
#########.#.....#
##.#..


You could see Pikel (berserk) and 4 slaves.

Vanquished Creatures
  Sigmund (D:3)
  Menkaure (D:4)
  Purgy (D:2)
  A centaur skeleton (D:4)
  A worker ant (D:4)
  2 orc wizards (D:3)
  A hound skeleton (D:4)
  2 gnolls (D:4)
  5 adders
  An ooze (D:3)
  A worm (D:2)
  5 dart slugs
  3 leopard geckos
  6 orcs (D:3)
  4 ball pythons
  5 giant cockroaches
  3 goblins
  9 hobgoblins
  15 jackals
  2 quokkas (D:2)
  6 bats
  6 frilled lizards
  A jackal skeleton (D:4)
  16 kobolds
  8 rats
106 creatures vanquished.

Vanquished Creatures (others)
  A human (D:4)
1 creature vanquished.

Grand Total: 107 creatures vanquished

Notes
Turn   | Place    | Note
-------+----------+-------------------------------------------
     0 | D:1      | HeliosHero the Gnoll Skald began the quest for the Orb.
     0 | D:1      | Reached XP level 1. HP: 20/20 MP: 6/6
   103 | D:1      | Reached XP level 2. HP: 19/26 MP: 7/7
   644 | D:1      | Reached XP level 3. HP: 28/31 MP: 1/9
  1006 | D:2      | Found an opulent altar of Gozag.
  1009 | D:2      | Reached skill level 5 in Spellcasting
  1039 | D:2      | Became a worshipper of Gozag Ym Sagoz the Greedy
  1154 | D:2      | Reached skill level 1 in Invocations
  1246 | D:2      | Found a sparkling altar of Nemelex Xobeh.
  1428 | D:2      | Found a snail-covered altar of Cheibriados.
  1434 | D:2      | Reached skill level 1 in Short Blades
  1434 | D:2      | Reached skill level 1 in Long Blades
  1434 | D:2      | Reached skill level 1 in Maces & Flails
  1434 | D:2      | Reached skill level 1 in Polearms
  1434 | D:2      | Reached skill level 1 in Staves
  1434 | D:2      | Reached skill level 1 in Slings
  1434 | D:2      | Reached skill level 1 in Bows
  1434 | D:2      | Reached skill level 1 in Crossbows
  1434 | D:2      | Reached skill level 1 in Throwing
  1434 | D:2      | Reached skill level 1 in Stealth
  1434 | D:2      | Reached skill level 1 in Shields
  1434 | D:2      | Reached skill level 1 in Unarmed Combat
  1434 | D:2      | Reached skill level 1 in Evocations
  1721 | D:2      | Reached XP level 4. HP: 38/38 MP: 9/11
  1732 | D:2      | Found a stormy altar of Qazlal.
  2272 | D:3      | Learned a level 3 spell: Regeneration
  2306 | D:3      | Found a glowing drain.
  2336 | Sewer    | Entered a sewer
  2363 | Sewer    | Reached skill level 1 in Conjurations
  2363 | Sewer    | Reached skill level 1 in Hexes
  2363 | Sewer    | Reached skill level 1 in Summonings
  2363 | Sewer    | Reached skill level 1 in Necromancy
  2363 | Sewer    | Reached skill level 1 in Translocations
  2363 | Sewer    | Reached skill level 1 in Transmutations
  2363 | Sewer    | Reached skill level 1 in Fire Magic
  2363 | Sewer    | Reached skill level 1 in Ice Magic
  2363 | Sewer    | Reached skill level 1 in Air Magic
  2363 | Sewer    | Reached skill level 1 in Earth Magic
  2363 | Sewer    | Reached skill level 1 in Poison Magic
  2562 | Sewer    | Noticed Purgy
  2567 | Sewer    | Gained mutation: You are frail. (-10% HP) [potion of mutation]
  2567 | Sewer    | Gained mutation: Your body sometimes deteriorates upon taking damage. [potion of mutation]
  2567 | Sewer    | Gained mutation: You passively map a small area around you. [potion of mutation]
  2673 | D:2      | Killed Purgy
  2673 | D:2      | Reached XP level 5. HP: 21/38 MP: 7/12
  2708 | D:3      | Learned a level 3 spell: Spectral Weapon
  2855 | D:3      | Reached XP level 6. HP: 19/45 MP: 7/13
  2983 | D:3      | Found a faded altar of an unknown god.
  2986 | D:3      | Noticed Sigmund
  3258 | D:3      | Learned a level 2 spell: Shroud of Golubria
  3311 | D:3      | Killed Sigmund
  3311 | D:3      | Reached skill level 5 in Fighting
  3311 | D:3      | Reached skill level 5 in Axes
  3311 | D:3      | Reached skill level 5 in Dodging
  3311 | D:3      | Reached XP level 7. HP: 49/50 MP: 9/15
  3327 | D:3      | Fell from the grace of Gozag
  3327 | D:3      | Became a worshipper of Warmaster Okawaru
  3327 | D:3      | Reached * piety under Okawaru
  3480 | D:4      | Noticed Menkaure
  3494 | D:4      | HP: 1/50 [Menkaure (19)]
  3496 | D:4      | Killed Menkaure
  3656 | D:4      | Found a glowing golden altar of the Shining One.
  3840 | D:4      | Found an ancient bone altar of Kikubaaqudgha.
  3840 | D:4      | Noticed a human
  3844 | D:4      | Killed a human
  3939 | D:4      | Found a glowing silver altar of Zin.
  4073 | D:4      | Found Fuzyp's Distillery.
  4081 | D:4      | Noticed Pikel
  4113 | D:4      | Slain by Pikel

Skill      XL: |  1  2  3  4  5  6  7 |
---------------+----------------------+-----
Spellcasting   | 5 |  5.6
Invocations    | 1 2 |  2.8
Short Blades   | 1 2 |  2.5
Long Blades    | 1 2 |  2.5
Maces & Flails | 1 2 |  2.5
Polearms       | 1 2 |  2.5
Staves         | 1 2 |  2.5
Slings         | 1 2 |  2.5
Bows           | 1 2 |  2.5
Crossbows      | 1 2 |  2.5
Throwing       | 1 2 |  2.5
Stealth        | 1 2 |  2.5
Shields        | 1 2 |  2.5
Unarmed Combat | 1 2 |  2.5
Evocations     | 1 2 |  2.5
Conjurations   | 1 2 |  2.1
Hexes          | 1 2 |  2.1
Summonings     | 1 2 |  2.1
Necromancy     | 1 2 |  2.1
Translocations | 1 2 |  2.1
Transmutations | 1 2 |  2.1
Fire Magic     | 1 2 |  2.1
Ice Magic      | 1 2 |  2.1
Air Magic      | 1 2 |  2.1
Earth Magic    | 1 2 |  2.1
Poison Magic   | 1 2 |  2.1
Armour         | 3 |  3.7
Fighting       | 5 |  5.3
Axes           | 5 |  5.3
Dodging        | 5 |  5.3
Charms         | |  5.8

Action                   |  1- 3 |  4- 6 |  7- 9 || total
-------------------------+-------+-------+-------++-------
Melee: Hand axe          |   135 |       |       ||   135
       Bite              |    14 |    12 |     7 ||    33
       Punch             |     2 |     1 |     3 ||     6
       Whip              |     1 |   182 |       ||   183
       Dagger            |       |    10 |    61 ||    71
Throw: Tomahawk          |     1 |     3 |       ||     4
 Cast: Infusion          |     7 |     8 |     4 ||    19
       Regeneration      |       |     2 |     3 ||     5
       Spectral Weapon   |       |     1 |     2 ||     3
Invok: Potion Petition   |       |     1 |       ||     1
  Use: Scroll            |     2 |     4 |       ||     6
       Potion            |       |     3 |     2 ||     5
 Stab: Sleeping          |       |     1 |       ||     1
  Eat: Ration            |     1 |     2 |       ||     3
Armor: Leather armour    |    17 |       |       ||    17
       Plate armour      |    24 |       |       ||    24
       Ring mail         |     1 |    84 |    25 ||   110
Dodge: Dodged            |    89 |   160 |    60 ||   309
